 Dungeon Crawl Stone Soup version 0.27.1-34-g3ba077fa99 (webtiles) character file.

Game seed: 4173910274055670040

44 Gabide the Skirmisher (level 3, 0/29 HPs)
             Began as a Human Monk on Jan 7, 2022.
             Was a Believer of Dithmenos.
             Slain by a gnoll (2 damage)
             ... on level 2 of the Dungeon.
             The game lasted 00:01:38 (1569 turns).

Gabide the Skirmisher (Human Monk)                  Turns: 1569, Time: 00:01:38

Health: 0/29       AC:  3    Str: 11    XL:     3   Next: 87%
Magic:  3/3        EV: 13    Int: 10    God:    Dithmenos [**....]
Gold:   39         SH:  0    Dex: 16    Spells: 2/2 levels left

rFire    . . .     SeeInvis .   a - +0 spear
rCold    . . .     Faith    .   (no shield)
rNeg     . . .     Spirit   .   b - +1 robe
rPois    .         Reflect  .   (no helmet)
rElec    .         Harm     .   (no cloak)
rCorr    .         Rampage  .   (no gloves)
Will     .....                  (no boots)
Stlth    +++.......             (no amulet)
HPRegen  0.09/turn              (no ring)
MPRegen  0.08/turn              (no ring)

@: wreathed by umbra
A: no striking features
a: Renounce Religion, Shadow Step


You were on level 2 of the Dungeon.
You worshipped Dithmenos.
Dithmenos was pleased with you.
You visited 1 branch of the dungeon, and saw 2 of its levels.

You collected 39 gold pieces.

Inventory:

Hand Weapons
 a - a +0 spear (weapon)
Armour
 b - a +1 robe (worn)
Jewellery
 f - a ring of wizardry
Scrolls
 c - 2 scrolls of silence
Potions
 d - 2 potions of lignification {unknown}


   Skills:
 + Level 3.5 Fighting
 + Level 3.5 Polearms
 + Level 3.4 Dodging
 + Level 2.3 Stealth


You had 2 spell levels left.
You didn't know any spells.
Your spell library contained the following spells:

 Spells                   Type           Power      Damage    Failure   Level
 Corpse Rot               Necr/Air       N/A        N/A       50%         2
 Dispel Undead            Necr           0%         3d6       98%         4
 Death Channel            Necr           0%         N/A       100%        6


Dungeon Overview and Level Annotations

Branches:
Dungeon (2/15)

Altars:
Dithmenos


Message History

r - Retreat! s - Stop attacking. g - Guard the area. f - Follow me.
Anything else - Cancel.
Okay, then.
There is a faded altar of an unknown god here.
You cannot tell which god this altar belongs to.
Convert to them anyway?
Dithmenos accepts your prayer! Dithmenos welcomes you!
You are shrouded in an aura of darkness!
You can now step into the shadows of nearby creatures.
The gnoll hits you from afar with a +0 spear.
Reach: a) +0 spear
Press: ? - help, Dir - move target, f - gnoll
Aim: a gnoll, wielding a +0 whip (umbra, about 32% to evade your +0 spear)
You reach to attack!
You closely miss the gnoll. You hit the gnoll.
The gnoll is moderately wounded.
You hit the gnoll.
The gnoll is heavily wounded.
The gnoll misses you.
You hit the gnoll.
The gnoll is severely wounded.
The gnoll closely misses you.
You hit the gnoll.
The gnoll is almost dead.
The gnoll hits you with a +0 whip.
You hit the gnoll.
You kill the gnoll!
Dithmenos accepts your kill. The gnoll hits you but does no damage.
The gnoll hits you from afar with a +0 spear!
* * * LOW HITPOINT WARNING * * *
You open the door. The gnoll completely misses you.
There is an open door here.
As you read the scroll labelled VOXELYK YHIOG, it crumbles to dust.
It is a scroll of enchant armour.
Your +0 robe glows green for a moment.
You open the door.
The gnoll hits you from afar with a +0 spear.
You die...

##..#####'####.###.#
##..#.#≈≈.≈≈#...)..#
#....##≈...≈#..#####
#.....#≈...≈####
......#≈...≈#
#######≈#.#≈######
.#≈≈≈≈≈≈#.#≈≈≈≈≈≈#
##≈...###.###...≈###
.'............g.@'.#
.#≈...###.###...≈#.#
.#≈≈≈≈≈≈#.#≈≈≈≈≈≈# #
#######≈#.#≈######
#≈...≈# #≈...≈#
#≈...≈# #≈≈.≈≈#


You could see a gnoll.

Vanquished Creatures
  A gnoll (D:2)
  An adder (D:2)
  An endoplasm (D:1)
  2 giant cockroaches
  3 goblins
  4 hobgoblins (D:1)
  4 jackals (D:1)
  2 kobolds (D:1)
  3 frilled lizards (D:1)
  3 rats (D:1)
24 creatures vanquished.

Notes
Turn   | Place    | Note
-------+----------+-------------------------------------------
     0 | D:1      | Gabide the Human Monk began the quest for the Orb.
     0 | D:1      | Reached XP level 1. HP: 18/18 MP: 1/1
   108 | D:1      | Reached XP level 2. HP: 4/24 MP: 2/2
   899 | D:1      | Reached XP level 3. HP: 29/29 MP: 3/3
  1486 | D:2      | Found a faded altar of an unknown god.
  1529 | D:2      | Became a worshipper of Dithmenos the Shadowed
  1529 | D:2      | Reached * piety under Dithmenos
  1529 | D:2      | Reached ** piety under Dithmenos
  1550 | D:2      | HP: 1/29 [gnoll (9)]
  1569 | D:2      | Slain by a gnoll

Illustrated notes

Levels and vault maps discovered:
D:1:      giann_forest_graveyard, layout_basic
D:2:      kennysheep_big_flooded_room, layout_loops_corners,
          shapermc_ecumenical_altar_starsandcircs, basic_altar,
          kennysheep_minor_cross, corexii_item_surrounded_by_moat

Action                   || total
-------------------------++-------
Melee: Spear             ||    90
  Use: Scroll            ||     3
 Stab: Sleeping          ||     3
Armor: Robe              ||    13
Dodge: Dodged            ||    61
